 Dungeon Crawl Stone Soup version 0.18.1-50-g88ac8fd (webtiles) character file.

150 epen the Insei (level 5, -2/43 HPs)
             Began as a Merfolk Monk on Sept 15, 2016.
             Slain by Sigmund
             ... wielding a +0 scythe
              (11 damage)
             ... on level 2 of the Dungeon.
             The game lasted 00:01:57 (1774 turns).

epen the Insei (Merfolk Monk)                       Turns: 1774, Time: 00:01:58

Health: -2/43      AC:  3    Str: 11    XL:     5   Next: 32%
Magic:  5/5        EV: 15    Int: 10    God:
Gold:   54         SH:  0    Dex: 17    Spells: 0 memorised, 4 levels left

rFire  . . .     SeeInvis .     l - +3 quarterstaff (chaos)
rCold  . . .     Gourm    .     a - +0 robe
rNeg   . . .     Faith    .     (shield currently unavailable)
rPois  .         Spirit   .     (no helmet)
rElec  .         Dismiss  .     m - +0 cloak
rCorr  .         Reflect  .     (no gloves)
SustAt .         Harm     .     (no boots)
MR     .....                    (no amulet)
Stlth  ++........               (no ring)
                                (no ring)

@: not resistant to hostile enchantments, unstealthy
A: change form in water, swift swim
a: no special abilities


You were on level 2 of the Dungeon.
You were hungry.

You visited 1 branch of the dungeon, and saw 2 of its levels.

You collected 54 gold pieces.

Inventory:

Hand Weapons
 l - a +3 quarterstaff of chaos (weapon)
Armour
 a - a +0 robe (worn)
 m - a +0 cloak (worn)
Jewellery
 i - an uncursed ring of poison resistance {unknown}
Scrolls
 c - 2 scrolls of teleportation {unknown}
 g - a scroll of remove curse {unknown}
 j - 2 scrolls of identify {unknown}
Potions
 d - a potion of berserk rage
 e - a potion of degeneration {unknown}
 f - a potion of invisibility {unknown}
Comestibles
 b - 4 bread rations
 h - 3 beef jerkies
 k - 2 fruits


   Skills:
 + Level 4.5 Fighting
 + Level 4.9 Dodging
 - Level 2.1 Stealth
 * Level 5.7 Unarmed Combat


You had 4 spell levels left.
You didn't know any spells.

Dungeon Overview and Level Annotations

Branches:
Dungeon (2/15)

Altars:
Gozag
Makhleb
Yredelemnul

Annotations:
D:2 Sigmund


Message History

Sigmund the Dreaded comes into view.
He is wielding a scythe.
Sigmund mumbles some strange words.
Sigmund flickers and vanishes!
Deactivating autopickup; reactivate with Ctrl-A.
Found 18 gold pieces.
No target in view!
No target in view!
No target in view!
A magic dart appears from out of thin air!
The magic dart hits you!
You see here a worm corpse.
You swing at nothing.
You swing at nothing.
You hit something but do no damage. Something barely misses you.
You hit something but do no damage.
There is a sudden explosion of sparks!
Something hits you.
You closely miss something. Something hits you!
* * * LOW HITPOINT WARNING * * *
You miss something. Something hits you!
You die...

.....<#.##.#..####.#####
########
#.#####.##.#.......# #.#
#.##...####..##♣♣♣♣♣ #.
#.###.###....#...♣.♣♣♣#####
#. ### ...
##.....)..♣..♣#...#
#.###.#......♣♣♣♣.....# ._.
#.##.#..♣♣ ♣♣#..)# ###.
#.#####♣♣ ##### $.. ##@..#
######.#####†##
.............#
##.....###### #.....#
###.... ######


There were no monsters in sight!

Vanquished Creatures
  A hound (D:2)
  Crazy Yiuf (D:2)
  Ijyb (D:2)
  A gnoll (D:1)
  2 adders (D:2)
  An ooze (D:1)
  3 worms (D:2)
  2 dart slugs
  3 goblins (D:1)
  3 hobgoblins
  5 bats
  5 giant newts
  2 kobolds (D:2)
  3 rats
33 creatures vanquished.

Notes
Turn   | Place    | Note
--------------------------------------------------------------
     0 | D:1      | epen the Merfolk Monk began the quest for the Orb.
     0 | D:1      | Reached XP level 1. HP: 18/18 MP: 1/1
   106 | D:1      | Reached XP level 2. HP: 15/24 MP: 2/2
   432 | D:1      | Reached XP level 3. HP: 30/30 MP: 3/3
   826 | D:2      | Noticed Ijyb
   838 | D:2      | Killed Ijyb
   838 | D:2      | Reached skill level 5 in Unarmed Combat
   898 | D:2      | Found a burning altar of Makhleb.
   916 | D:2      | Reached XP level 4. HP: 19/37 MP: 4/4
  1048 | D:2      | Found an opulent altar of Gozag.
  1270 | D:2      | Found a basalt altar of Yredelemnul.
  1324 | D:2      | Reached XP level 5. HP: 12/43 MP: 5/5
  1691 | D:2      | Noticed Crazy Yiuf
  1696 | D:2      | Killed Crazy Yiuf
  1759 | D:2      | Noticed Sigmund
  1774 | D:2      | Slain by Sigmund

Skill      XL: |  1  2  3 |
---------------+----------+-----
Unarmed Combat | 5 |  5.7
Fighting       | 4 |  4.5
Dodging        | |  4.9
Stealth        | |  2.1

Action                   |  1- 3 |  4- 6 || total
-------------------------+-------+-------++-------
Melee: Unarmed           |    73 |    72 ||   145
       Punch             |     2 |     1 ||     3
       Quarterstaff      |       |    10 ||    10
  Use: Potion            |       |     1 ||     1
 Stab: Sleeping          |     3 |     1 ||     4
  Eat: Chunk             |       |     3 ||     3
Armor: Robe              |    12 |     9 ||    21
Dodge: Dodged            |    59 |    57 ||   116
